 Dungeon Crawl Stone Soup version 0.27-a0-463-gec7707c53d (webtiles) character file.

Game seed: 328198038801172349

41500 hellse the Sharpshooter (level 13, 0/122 HPs)
             Began as a Minotaur Hunter on Feb 28, 2021.
             Was the Champion of Okawaru.
             Slain by an entropy weaver (7 damage)
             ... on level 4 of the Lair of Beasts on Mar 1, 2021.
             The game lasted 00:29:09 (22064 turns).

hellse the Sharpshooter (Minotaur Hunter)          Turns: 22064, Time: 00:29:10

Health: 0/122      AC:  8    Str: 22    XL:     13   Next: 80%
Magic:  0/15       EV: 12    Int:  8    God:    Okawaru [******]
Gold:   734        SH:  0    Dex: 17    Spells: 12/12 levels left

rFire    . . .     SeeInvis .   Q - +7 Singing Sword {vorpal, sonic wave}
rCold    . . .     Faith    .   (no shield)
rNeg     . . .     Spirit   +   G - +1 chain mail {rPois}
rPois    +         Reflect  .   (helmet restricted)
rElec    .         Harm     .   y - +0 cloak
rCorr    .         Rampage  .   R - +1 pair of gloves {Stlth+}
Will     .....                  C - +0 pair of boots
Stlth    ..........             k - amulet of guardian spirit
HPRegen  0.30/turn              O - +4 ring of protection
MPRegen  0.14/turn              m - +6 ring of dexterity

@: corroded
A: retaliatory headbutt, horns 2
a: Renounce Religion, Heroism, Finesse


You were on level 4 of the Lair of Beasts.
You worshipped Okawaru.
Okawaru was exalted by your worship.
You visited 3 branches of the dungeon, and saw 17 of its levels.
You also visited: Sewer.

You collected 1022 gold pieces.
You spent 288 gold pieces at shops.

Inventory:

Hand Weapons
 a - the +4 broad axe "Hygyeng" {elec, +Rage rElec Stlth+}
   (You bought it in a shop on level 7 of the Dungeon)

   Occasionally, upon striking a foe, it can discharge electrical energy and
   cause terrible harm.
   It insulates you from electricity.
   It lets you go berserk.
   It makes you more stealthy.
 b - a +5 triple crossbow of flaming
 l - the +1 spear "Wuiqak" {vamp, +Blink rElec MP-9}
   (Okawaru gifted it to you on level 11 of the Dungeon)

   It inflicts no extra harm, but heals its wielder when it wounds a living foe.
   It insulates you from electricity.
   It affects your magic capacity (-9).
   It lets you blink.
 z - a +2 vorpal mace
 Q - the +7 Singing Sword (weapon) {vorpal, sonic wave}
   (You found it on level 10 of the Dungeon)

   It inflicts extra damage upon your enemies.
Missiles
 d - 252 bolts
Armour
 y - a +0 cloak (worn)
 C - a +0 pair of boots (worn)
 D - a +0 leather armour of cold resistance
 G - a +1 chain mail of poison resistance (worn)
 L - a +0 plate armour
 R - a +1 pair of gloves of stealth (worn)
Jewellery
 k - an amulet of guardian spirit (around neck)
 m - a +6 ring of dexterity (right hand)
 o - a ring of positive energy
 J - a ring of positive energy
 O - a +4 ring of protection (left hand)
 W - a ring of fire
Wands
 g - a wand of flame (45)
 s - a wand of iceblast (17)
 x - a wand of paralysis (23)
 B - a wand of random effects (51)
 F - a wand of charming (7)
 I - a wand of digging (2)
 U - a wand of polymorph (8)
 V - a wand of acid (4)
Scrolls
 f - 2 scrolls of teleportation
 j - 2 scrolls of amnesia
 u - 6 scrolls of immolation
 H - a scroll of fear
 K - 5 scrolls of enchant armour
 P - 3 scrolls of magic mapping
 T - 3 scrolls of identify
Potions
 c - a potion of magic
 e - 4 potions of lignification
 i - 2 potions of brilliance
 n - 3 potions of haste
 p - 11 potions of curing
 q - 2 potions of degeneration
 r - 4 potions of might
 t - 2 potions of mutation
 v - a potion of invisibility
 w - a potion of attraction
 E - 3 potions of flight
 M - a potion of resistance
 N - a potion of berserk rage
Miscellaneous
 X - a condenser vane
 Y - a box of beasts


   Skills:
 - Level 13.2 Fighting
 - Level 8.7 Long Blades
 + Level 17.1 Crossbows
 - Level 14.2 Armour
 - Level 6.1 Dodging
 - Level 0.7 Stealth
 - Level 4.6 Invocations
 - Level 3.5 Evocations


You had 12 spell levels left.
You didn't know any spells.
Your spell library contained the following spells:

 Spells                   Type           Power        Failure   Level
 Bolt of Magma            Conj/Fire/Erth 0%           100%        5
 Iskenderun's Battlesphe  Conj           0%           100%        5
 Iron Shot                Conj/Erth      0%           100%        6
 Orb of Destruction       Conj           0%           100%        7
 Spellforged Servitor     Conj/Summ      0%           100%        7


Dungeon Overview and Level Annotations

Branches:
Dungeon (12/15)            Temple (1/1) D:5            Lair (4/6) D:9
  Swamp (0/4) Lair:2        Sewer (visited)
  Snake: Lair:2-4    Spider: Lair:2-4       Orc: D:9-12

Altars:
Dithmenos
Elyvilon
Fedhas
Gozag
Makhleb
Nemelex Xobeh
Okawaru
Qazlal
Ru
Trog
Yredelemnul
Zin

Shops:
D:7 *


Innate Abilities, Weirdness & Mutations

You reflexively headbutt those who attack you in melee.
You have a pair of horns on your head.


Message History

The entropy weaver hits you! x2
* * * LOW HITPOINT WARNING * * *
The entropy weaver gestures at you while chanting.
The entropic weave corrodes you!
You hit the entropy weaver but do no damage.
You headbutt the entropy weaver, but do no damage.
The entropy weaver is almost dead.
The entropy weaver casts a spell at you.
The entropic weave corrodes you!
You hit the entropy weaver but do no damage.
The entropy weaver is almost dead.
The entropy weaver hits you but does no damage.
The entropy weaver barely misses you. The entropy weaver hits you.
* * * LOW HITPOINT WARNING * * *
The entropy weaver closely misses you.
You closely miss the entropy weaver. You headbutt the entropy weaver.
The entropy weaver is almost dead.
The entropy weaver casts a spell at you.
The entropic weave corrodes you!
You hit the entropy weaver but do no damage.
You headbutt the entropy weaver.
The entropy weaver is almost dead.
The entropy weaver hits you!
* * * LOW HITPOINT WARNING * * *
The entropy weaver misses you. The entropy weaver barely misses you.
The entropy weaver hits you.
* * * LOW HITPOINT WARNING * * *
The entropy weaver closely misses you.
The entropy weaver hits you but does no damage.
The entropy weaver hits you!
* * * LOW HITPOINT WARNING * * *
The entropy weaver hits you but does no damage.
You feel much better. The entropy weaver hits you.
* * * LOW HITPOINT WARNING * * *
The entropy weaver hits you!
* * * LOW HITPOINT WARNING * * *
The entropy weaver hits you!
* * * LOW HITPOINT WARNING * * *
The entropy weaver hits you!
You die...

...P...#.#
.........#
...P....###
..........###
............###
..............###
#...............##..
.#.........B.......#
##.........@.......
#.........†.......
#.................>
.#.................
................(.
........)........
................
...............


You could see an entropy weaver.

Vanquished Creatures
  Rupert (Lair:3)
  An entropy weaver (Lair:4)
  Josephine (D:10)
  6 hydras
  Harold (D:7)
  9 death yaks
  Urug (Lair:3)
  An unseen horror (D:11)
  Pikel (D:5)
  An orc sorcerer (D:10)
  An ugly thing (D:11)
  3 black mambas
  A torpor snail (Lair:3)
  12 cane toads
  A centaur skeleton (D:8)
  The ghost of pigah the Covert, a novice OpWn (D:5)
  5 komodo dragons
  A troll (D:10)
  A hornet (D:5)
  Grinder (D:4)
  2 polar bears
  Prince Ribbit (D:7)
  2 dream sheep
  The ghost of gressup the Conjurer, an amateur OpCj of Ru (D:3)
  7 wraiths
  12 spriggans (Lair:2)
  10 yaks (Lair:3)
  A fire elemental (Lair:2)
  4 wyverns
  4 basilisks (Lair:1)
  A steam dragon (D:10)
  2 vampire mosquitoes (D:11)
  Menkaure (D:5)
  10 soldier ants (Lair:4)
  Duvessa (D:4)
  11 water moccasins
  2 sky beasts
  An ice beast (D:7)
  A necrophage (D:11)
  An orc warrior (D:9)
  A black bear (D:6)
  4 ogres
  4 centaurs
  9 wolves
  A phantom (D:4)
  A lemure (D:5)
  9 kobold brigands
  13 bullfrogs
  Dowan (D:4)
  A wyvern skeleton (D:9)
  6 scorpions
  51 killer bees
  19 wights
  A howler monkey (D:5)
  3 electric eels
  3 lava snakes (Lair:2)
  2 bullfrog zombies
  3 quasits
  2 centaur zombies (D:10)
  2 hounds (D:4)
  4 orc priests
  Crazy Yiuf (D:2)
  A bullfrog skeleton (D:10)
  3 jellies
  Jessica (D:7)
  10 iguanas
  7 orc wizards
  16 worker ants
  4 hound zombies
  A howler monkey zombie (D:10)
  A worker ant zombie (D:10)
  2 river rats (Sewer)
  17 adders
  2 shadow imps
  3 white imps
  An ufetubus (D:9)
  An ooze (Sewer)
  5 worms
  2 dart slugs (D:1)
  7 leopard geckos
  35 orcs
  5 ball pythons (Sewer)
  3 giant cockroaches
  7 goblins
  10 hobgoblins
  19 jackals
  20 kobolds
  2 quokkas (D:4)
  12 bats
  7 frilled lizards
  A quokka skeleton (D:6)
  A quokka zombie (D:8)
  7 rats
  A butterfly (Lair:4)
480 creatures vanquished.

Vanquished Creatures (others)
  26 fungi
  24 plants
50 creatures vanquished.

Grand Total: 530 creatures vanquished

Notes
Turn   | Place    | Note
-------+----------+-------------------------------------------
     0 | D:1      | hellse the Minotaur Hunter began the quest for the Orb.
     0 | D:1      | Reached XP level 1. HP: 18/18 MP: 0/0
   104 | D:1      | Reached XP level 2. HP: 26/26 MP: 1/1
   627 | D:1      | Reached XP level 3. HP: 34/34 MP: 2/2
  1308 | D:2      | Reached skill level 5 in Fighting
  1411 | D:2      | Found a white marble altar of Elyvilon.
  1719 | D:2      | Found a faded altar of an unknown god.
  1903 | D:2      | Found a runed translucent door.
  1904 | D:2      | Noticed Crazy Yiuf
  1924 | D:2      | Killed Crazy Yiuf
  1925 | D:2      | Reached XP level 4. HP: 26/44 MP: 3/3
  2192 | D:5      | Entered Level 5 of the Dungeon
  2194 | D:5      | Noticed an ogre
  2205 | D:5      | Killed an ogre
  2206 | D:5      | Reached XP level 5. HP: 8/51 MP: 4/4
  2476 | D:5      | Found a transporter.
  2528 | D:5      | Found a staircase to the Ecumenical Temple.
  2537 | Temple   | Entered the Ecumenical Temple
  2542 | Temple   | Became a worshipper of Warmaster Okawaru
  2680 | D:3      | Reached XP level 6. HP: 60/61 MP: 5/5
  3163 | D:3      | Found a large runed translucent door.
  3163 | D:3      | Found a large runed translucent door.
  3167 | D:3      | Noticed gressup's ghost (amateur OpCj)
  3465 | D:3      | Killed gressup's ghost
  3466 | D:3      | Reached skill level 5 in Crossbows
  3601 | D:4      | Reached skill level 6 in Crossbows
  3601 | D:4      | Reached XP level 7. HP: 67/67 MP: 6/6
  3659 | D:4      | Noticed Grinder
  3669 | D:4      | Killed Grinder
  3669 | D:4      | Reached * piety under Okawaru
  3670 | D:4      | Reached skill level 7 in Crossbows
  3969 | D:4      | Reached skill level 8 in Crossbows
  4036 | D:4      | Reached XP level 8. HP: 22/74 MP: 7/7
  4403 | D:4      | Noticed Duvessa
  4403 | D:4      | Noticed Dowan
  4427 | D:4      | Killed Duvessa
  4428 | D:4      | Reached skill level 9 in Crossbows
  4440 | D:4      | Killed Dowan
  5174 | D:5      | Found a transporter.
  5174 | D:5      | Noticed pigah's ghost (novice OpWn)
  5407 | D:5      | Noticed Pikel
  5433 | D:5      | Noticed a hornet
  5439 | D:5      | Killed Pikel
  5439 | D:5      | Reached ** piety under Okawaru
  5440 | D:5      | Reached skill level 11 in Crossbows
  5440 | D:5      | Noticed Menkaure
  5443 | D:5      | Paralysed by a hornet for 1 turns
  5444 | D:5      | Killed a hornet
  5763 | D:4      | Reached XP level 9. HP: 9/80 MP: 8/8
  6195 | D:5      | Killed Menkaure
  6219 | D:5      | Upgraded the game from 0.27-a0-448-gace5c5693b to
                  | 0.27-a0-463-gec7707c53d
  6230 | D:5      | Reached skill level 12 in Crossbows
  7183 | D:5      | Reached skill level 1 in Armour
  7201 | D:5      | Killed pigah's ghost
  7201 | D:5      | Reached *** piety under Okawaru
  7202 | D:5      | Reached skill level 5 in Armour
  7518 | D:6      | Found a glowing drain.
  7539 | Sewer    | Entered a sewer
  7854 | Sewer    | Received a gift from Okawaru
  8239 | Sewer    | Reached skill level 10 in Armour
  9213 | D:7      | Noticed Prince Ribbit
  9219 | D:7      | Killed Prince Ribbit
  9307 | D:7      | Reached XP level 10. HP: 87/88 MP: 9/9
  9409 | D:7      | Reached **** piety under Okawaru
  9719 | D:7      | Noticed Harold
  9729 | D:7      | Received a gift from Okawaru
  9752 | D:7      | Killed Harold
 10025 | D:7      | Found a sparkling altar of Nemelex Xobeh.
 10025 | D:7      | Noticed Jessica
 10033 | D:7      | Killed Jessica
 10033 | D:7      | Received a gift from Okawaru
 10152 | D:7      | Found Yxkusch's Assorted Antiques.
 10160 | D:7      | Bought a glimmering broad axe for 288 gold pieces
 10160 | D:7      | Identified the +4 broad axe "Hygyeng" {elec, +Rage rElec
                  | Stlth+} (You bought it in a shop on level 7 of the Dungeon)
 10500 | D:8      | Found a blossoming altar of Fedhas.
 11231 | D:8      | Found a white marble altar of Elyvilon.
 11532 | D:9      | Reached skill level 1 in Invocations
 12137 | D:9      | Found a staircase to the Lair.
 12195 | D:9      | Found a burning altar of Makhleb.
 12248 | D:9      | Received a gift from Okawaru
 12565 | D:10     | Entered Level 10 of the Dungeon
 12779 | D:10     | Reached ***** piety under Okawaru
 12897 | D:10     | Reached XP level 11. HP: 60/94 MP: 7/13
 13054 | D:10     | Noticed Josephine
 13066 | D:10     | Killed Josephine
 13067 | D:10     | Reached skill level 5 in Dodging
 13089 | D:10     | Received a gift from Okawaru
 13565 | D:10     | Found the +7 Singing Sword {vorpal, sonic wave}
 13812 | D:10     | Noticed an orc sorcerer
 13816 | D:10     | Paralysed by an orc sorcerer for 7 turns
 13824 | D:10     | Killed an orc sorcerer
 13977 | D:11     | Noticed an eight-headed hydra
 14155 | D:11     | Noticed a purple ugly thing
 14165 | D:11     | Killed a purple ugly thing
 14285 | D:11     | Reached skill level 10 in Fighting
 14392 | D:11     | Received a gift from Okawaru
 14677 | D:11     | Killed an unseen horror
 14677 | D:11     | Identified the +1 spear "Wuiqak" {vamp, +Blink rElec MP-9}
                  | (Okawaru gifted it to you on level 11 of the Dungeon)
 14677 | D:11     | Received a gift from Okawaru
 14841 | D:11     | Killed an eight-headed hydra
 15307 | D:12     | Noticed a death knight
 15307 | D:12     | Noticed a phantasmal warrior
 15307 | D:12     | Noticed a skeletal warrior
 15307 | D:12     | Noticed a phantasmal warrior
 15408 | Lair:1   | Entered Level 1 of the Lair of Beasts
 16800 | Lair:2   | Noticed a death yak
 16937 | Lair:2   | Noticed a death yak
 16940 | Lair:2   | Noticed a death yak
 16968 | Lair:1   | Killed a death yak
 16973 | Lair:1   | Killed a death yak
 16973 | Lair:1   | Received a gift from Okawaru
 16974 | Lair:1   | Reached XP level 12. HP: 79/115 MP: 11/14
 17117 | Lair:2   | Reached skill level 1 in Long Blades
 17120 | Lair:2   | Killed a death yak
 17679 | Lair:2   | Received a gift from Okawaru
 17889 | Lair:2   | Reached skill level 5 in Long Blades
 18136 | Lair:2   | Received a gift from Okawaru
 18320 | Lair:2   | Found a staircase to the Swamp.
 18692 | Lair:2   | Reached ****** piety under Okawaru
 18692 | Lair:2   | Received a gift from Okawaru
 19631 | Lair:2   | Reached skill level 13 in Crossbows
 19805 | Lair:3   | Noticed Rupert
 19812 | Lair:3   | Paralysed by Rupert for 5 turns
 19822 | Lair:3   | Killed Rupert
 19822 | Lair:3   | Received a gift from Okawaru
 19823 | Lair:3   | Reached skill level 14 in Crossbows
 20164 | Lair:3   | Noticed a death yak
 20164 | Lair:3   | Noticed a death yak
 20165 | Lair:3   | Noticed a death yak
 20165 | Lair:3   | Noticed a death yak
 20166 | Lair:3   | Noticed a death yak
 20167 | Lair:3   | Noticed a death yak
 20185 | Lair:2   | Killed a death yak
 20186 | Lair:2   | Reached XP level 13. HP: 94/122 MP: 11/15
 20421 | Lair:3   | Received a gift from Okawaru
 20422 | Lair:3   | Reached skill level 15 in Crossbows
 20535 | Lair:3   | Received a gift from Okawaru
 20760 | Lair:3   | Noticed Urug
 20763 | Lair:3   | Killed Urug
 20764 | Lair:3   | Reached skill level 16 in Crossbows
 21075 | Lair:3   | Found the amulet of the Air {Inacc +Fly rElec EV+5 RMsl}
 21650 | Lair:4   | Noticed an entropy weaver
 21651 | Lair:4   | Noticed an entropy weaver
 21660 | Lair:4   | Killed an entropy weaver
 21661 | Lair:4   | Reached skill level 17 in Crossbows
 21679 | Lair:4   | HP: 1/122 [entropy weaver (7)]
 22063 | Lair:4   | HP: 6/122 [entropy weaver (10)]
 22064 | Lair:4   | Slain by an entropy weaver

Illustrated notes

Levels and vault maps discovered:
D:1:      heliophobic_arrival_glass_houses, layout_basic, minmay_quantized
D:2:      layout_basic, chequers_ecumenical_altar_simple, elyvilon_altar_5,
          uniq_crazy_yiuf_cottage
D:3:      layout_basic, ebering_ghost_disaster_area, hangedman_decor_slide_cut
D:4:      layout_gridville, nrook_loot_triangle, uniq_grinder, uniq_duvessa
D:5:      layout_basic, temple_hall, gammafunk_ghost_stat_death,
          minmay_manual_moon, uniq_menkaure, uniq_pikel
D:6:      layout_basic, cheibrodos_sewer_entry_bend, minmay_pentangle
D:7:      layout_rooms, serial_shops, nicolae_shop_overgrown_old_shop,
          nemelex_lonely_heart_becter, uniq_harold, uniq_prince_ribbit1
D:8:      layout_basic, kennysheep_flooded_box, fedhas_altar_1
D:9:      layout_rooms, kennysheep_little_box, kennysheep_generic_room_3
D:10:     old_forge, layout_rooms, roderic_roman_lattice, minmay_librarian,
          uniq_josephine
D:11:     layout_basic
D:12:     layout_loops_cross, minmay_orc_entry_temple_small
Temple:   compressed_dpeg_triangle_lava_temple
Lair:1:   layout_layer_cave
Lair:2:   wad_woods_minihive, layout_gridlike, minmay_swamp_entry_eels,
          minivault_24
Lair:3:   nzn_winding_woodlands_cross [nzn_winding_woodlands_5x15_jagged,
          nzn_winding_woodlands_5x15_garden,
          nzn_winding_woodlands_5x15_river_crossing,
          nzn_winding_woodlands_5x15_concentric,
          nzn_winding_woodlands_15x15_boxy_spiral], layout_hall_layers,
          uniq_rupert, uniq_urug
Lair:4:   layout_cave_pods, dummy_spider_entry, zaba_anthell,
          lemuel_fruit_fields, grunt_megastairs_1

Skill      XL: |  1  2  3  4  5  6  7  8  9 10 11 12 13 |
---------------+----------------------------------------+-----
Fighting       | 3 4 5 6 7 8 13 | 13.2
Crossbows      | 6 8 11 12 14 17 | 17.1
Armour         | 12 14 | 14.2
Evocations     | 3 |  3.5
Invocations    | 4 |  4.6
Dodging        | 3 6 |  6.1
Long Blades    | 8 |  8.7
Stealth        | |  0.7

Action                   |  1- 3 |  4- 6 |  7- 9 | 10-12 | 13-15 || total
-------------------------+-------+-------+-------+-------+-------++-------
Melee: Short sword       |    24 |       |    40 |       |       ||    64
       Headbutt          |     8 |     7 |    45 |    49 |    17 ||   126
       Spear             |    92 |       |       |       |       ||    92
       Quarterstaff      |       |    25 |       |       |       ||    25
       Mace              |       |    33 |   257 |       |       ||   290
       Broad axe         |       |       |       |    96 |       ||    96
       Hand crossbow     |       |       |       |     4 |       ||     4
       Double sword      |       |       |       |   144 |    52 ||   196
 Fire: Hand crossbow     |     7 |    13 |    91 |   381 |       ||   492
       Triple crossbow   |       |       |       |    66 |    98 ||   164
Invok: Heroism           |       |       |       |     1 |       ||     1
Evoke: Wand              |       |       |       |     1 |       ||     1
  Use: Scroll            |       |     5 |     8 |    19 |     1 ||    33
       Potion            |       |       |     3 |       |     2 ||     5
 Stab: Sleeping          |     2 |       |       |       |       ||     2
       Petrified         |       |     5 |       |       |       ||     5
       Paralysed         |       |     1 |       |       |       ||     1
Armor: Leather armour    |    11 |       |       |       |       ||    11
       Ring mail         |    18 |    19 |    60 |       |       ||    97
       Skin              |       |       |    14 |       |       ||    14
       Chain mail        |       |       |   124 |   417 |   125 ||   666
       Plate armour      |       |       |       |     6 |       ||     6
Dodge: Dodged            |    66 |    43 |   262 |   332 |    91 ||   794
       Rpst.: Double sword |       |       |       |    34 |    10 ||    44

Table legend: (Time is in decaauts)
 A = Elapsed time spent in this place.
 B = Non-inter-level travel time spent in this place.
 C = Inter-level travel time spent in this place.
 D = Time resting spent in this place.
 E = Time spent auto-exploring this place.
 F = Levels seen in this place.
 G = Mean time per level.
                   A        B        C        D        E       F      G
               +--------+--------+--------+--------+--------+-----+--------+
         Total |  22635 |  21686 |    949 |   5445 |  12756 |  18 | 1257.5 |
       Dungeon |  14838 |  14206 |    632 |   3238 |   8797 |  12 | 1236.5 |
        Temple |     10 |      6 |      4 |      0 |      0 |   1 |   10.0 |
          Lair |   6790 |   6477 |    313 |   2207 |   3233 |   4 | 1697.5 |
         Sewer |    995 |    995 |      0 |      0 |    725 |   1 |  995.0 |
               +--------+--------+--------+--------+--------+-----+--------+

Top non-repeatable levels by time:
  Lair:1: 2625 daAuts
     D:4: 2355 daAuts
  Lair:2: 2210 daAuts
     D:5: 2004 daAuts
  Lair:3: 1822 daAuts
    D:10: 1820 daAuts
     D:8: 1585 daAuts
     D:1: 1268 daAuts
    D:11: 1091 daAuts
     D:3: 1064 daAuts
     D:7: 1009 daAuts
   Sewer: 995 daAuts
     D:6: 978 daAuts
     D:2: 842 daAuts
     D:9: 816 daAuts
